NWL (28 & UNDER)
MENLO MANIACS @ RIVERSIDE RED BULLS
08/27/2023
 
TOP OF THE 1ST
Menlo Maniacs batting - Pitching for Riverside Red Bulls : RHP Derrick Baird
Pitching: RHP Derrick Baird
Batting: RHB Alberto Hernández 0-0: Called Strike
0-1: Called Strike
0-2: Ball
1-2: Foul Ball, location: 2F
1-2: Strikes out swinging
Batting: LHB Vincente Sáenz 0-0: Ball
1-0: Called Strike
1-1: SINGLE (Groundball, 34)
Batting: RHB José Aguilera 0-0: Ball
1-0: Foul Ball, location: 2F
1-1: Ball
2-1: Fly out, F8 (Flyball, 8LD)
Batting: RHB Daryl Floyd 0-0: Ball
1-0: Ball
2-0: Ball
3-0: Called Strike
3-1: Called Strike
3-2: Foul Ball, location: 2F
3-2: Foul Ball, location: 2F
3-2: Foul Ball, location: 2F
3-2: Foul Ball, location: 2F
3-2: Fly out, F8 (Flyball, 89M)
Top of the 1st over - 0 run(s), 1 hit(s), 0 error(s), 1 left on base; Menlo 0 - Riverside 0
BOTTOM OF THE 1ST
Riverside Red Bulls batting - Pitching for Menlo Maniacs : LHP Vic Watts
Pitching: LHP Vic Watts
Batting: RHB Joe Scott 0-0: SINGLE (Groundball, 56D)
Batting: RHB José Zúńiga 0-0: Called Strike
0-1: Foul Ball, location: 2F
0-2: Ball
1-2: Fly out, F8 (Flyball, 8RM)
Batting: SHB Sloan James 0-0: Foul Ball, location: 2F
0-1: Ball
1-1: Ball
2-1: Ball
3-1: Base on Balls
Joe Scott to second
Batting: RHB Chris Osborn 0-0: Ball
1-0: Ball
2-0: Called Strike
2-1: Ball
3-1: Base on Balls
Joe Scott to third
Sloan James to second
Batting: RHB Soshu Nakamura 0-0: Called Strike
0-1: SINGLE (Line Drive, 78S)
Joe Scott scores
Sloan James to third
Chris Osborn to second
Batting: RHB Júlio García 0-0: Ball
1-0: Ball
2-0: Ball
3-0: Base on Balls
Sloan James scores
Chris Osborn to third
Soshu Nakamura to second
Batting: RHB Kyle Bacon 0-0: Called Strike
0-1: Swinging Strike
0-2: Foul Ball, location: 2F
0-2: Ball
1-2: Ball
2-2: Ball
3-2: Base on Balls
Chris Osborn scores
Soshu Nakamura to third
Júlio García to second
Batting: SHB Lee Townsend 0-0: Called Strike
0-1: Foul Ball, location: 2F
0-2: Foul Ball, location: 2F
0-2: SINGLE (Line Drive, 56)
Soshu Nakamura scores
Júlio García to third
Kyle Bacon to second
Batting: SHB Chun-yeong Kim 0-0: Swinging Strike
0-1: Ball
1-1: Grounds into double play, U5-3 (Groundball, 5L)
Bottom of the 1st over - 4 run(s), 3 hit(s), 0 error(s), 2 left on base; Menlo 0 - Riverside 4
TOP OF THE 2ND
Menlo Maniacs batting - Pitching for Riverside Red Bulls : RHP Derrick Baird
Batting: LHB Nicholas Alston 0-0: Ball
1-0: Foul Ball, location: 2F
1-1: Called Strike
1-2: Foul Ball, location: 2F
1-2: Ball
2-2: Foul Ball, location: 2F
2-2: Foul Ball, location: 2F
2-2: Ground out 5-3 (Groundball, 5S)
Batting: RHB Jesús Cuevas 0-0: Ball
1-0: Foul Ball, location: 2F
1-1: Fly out, F9 (Line Drive, 9M)
Batting: RHB Philip Burke 0-0: Called Strike
0-1: Foul Ball, location: 2F
0-2: Fly out, F9 (Flyball, 89M)
Top of the 2nd over - 0 run(s), 0 hit(s), 0 error(s), 0 left on base; Menlo 0 - Riverside 4
BOTTOM OF THE 2ND
Riverside Red Bulls batting - Pitching for Menlo Maniacs : LHP Vic Watts
Batting: RHB Joe Scott 0-0: Foul Ball, location: 2F
0-1: Swinging Strike
0-2: Fly out, F8 (Flyball, 8RXD)
Batting: RHB José Zúńiga 0-0: Foul Ball, location: 2F
0-1: Swinging Strike
0-2: Ball
1-2: Ball
2-2: Fly out, F5 (Line Drive, 56)
Batting: SHB Sloan James 0-0: Ball
1-0: Ball
2-0: Ball
3-0: Base on Balls
Batting: RHB Chris Osborn 0-0: Called Strike
0-1: Called Strike
0-2: Ball
1-2: Ball
2-2: Foul Ball, location: 2F
2-2: Strikes out swinging
Bottom of the 2nd over - 0 run(s), 0 hit(s), 0 error(s), 1 left on base; Menlo 0 - Riverside 4
TOP OF THE 3RD
Menlo Maniacs batting - Pitching for Riverside Red Bulls : RHP Derrick Baird
Batting: LHB Glen Martin 0-0: Ball
1-0: Ball
2-0: Ball
3-0: Base on Balls
Batting: SHB António Trinidad 0-0: Called Strike
Glen Martin steals 2nd base
0-1: Reached on error, E3 (Groundball, 3)
Glen Martin to third
Batting: RHB Alberto Hernández 0-0: Ball
1-0: Called Strike
1-1: Swinging Strike
1-2: Ball
2-2: Strikes out swinging
Batting: LHB Vincente Sáenz 0-0: Ball
1-0: Swinging Strike
1-1: Ball
2-1: Ball
3-1: Base on Balls
António Trinidad to second
Batting: RHB José Aguilera 0-0: Called Strike
0-1: SINGLE (Groundball, 56)
Glen Martin scores
António Trinidad to third
Vincente Sáenz to second
Batting: RHB Daryl Floyd 0-0: Swinging Strike
0-1: DOUBLE (Line Drive, 7D)
António Trinidad scores
Vincente Sáenz scores
José Aguilera to third
Batting: LHB Nicholas Alston 0-0: Called Strike
0-1: Ball
1-1: Ball
2-1: Foul Ball, location: 2F
2-2: Strikes out looking
Batting: RHB Jesús Cuevas 0-0: Ball
1-0: Called Strike
1-1: Foul Ball, location: 2F
1-2: Fly out, F9 (Flyball, 8RM)
Top of the 3rd over - 3 run(s), 2 hit(s), 1 error(s), 2 left on base; Menlo 3 - Riverside 4
BOTTOM OF THE 3RD
Riverside Red Bulls batting - Pitching for Menlo Maniacs : LHP Vic Watts
Batting: RHB Soshu Nakamura 0-0: Ball
1-0: Ball
2-0: Called Strike
2-1: Foul Ball, location: 2F
2-2: Strikes out swinging
Batting: RHB Júlio García 0-0: Ball
1-0: Called Strike
1-1: Ball
2-1: Ball
3-1: Foul Ball, location: 2F
3-2: Strikes out swinging
Batting: RHB Kyle Bacon 0-0: Foul Ball, location: 2F
0-1: Ball
1-1: Ball
2-1: Ball
3-1: Ground out 6-3 (Groundball, 6)
Bottom of the 3rd over - 0 run(s), 0 hit(s), 0 error(s), 0 left on base; Menlo 3 - Riverside 4
TOP OF THE 4TH
Menlo Maniacs batting - Pitching for Riverside Red Bulls : RHP Derrick Baird
Batting: RHB Philip Burke 0-0: Ball
1-0: Called Strike
1-1: Foul Ball, location: 2F
1-2: Strikes out swinging
Batting: LHB Glen Martin 0-0: Called Strike
0-1: Ground out 3-1 (Groundball, 34)
Batting: SHB António Trinidad 0-0: Ball
1-0: Called Strike
1-1: Foul Ball, location: 2F
1-2: Fly out, F7 (Flyball, 7S)
Top of the 4th over - 0 run(s), 0 hit(s), 0 error(s), 0 left on base; Menlo 3 - Riverside 4
BOTTOM OF THE 4TH
Riverside Red Bulls batting - Pitching for Menlo Maniacs : LHP Vic Watts
Batting: SHB Lee Townsend 0-0: Swinging Strike
0-1: Ball
1-1: Fly out, F8 (Flyball, 8LD)
Batting: SHB Chun-yeong Kim 0-0: Called Strike
0-1: Ball
1-1: Ball
2-1: Called Strike
2-2: Foul Ball, location: 2F
2-2: Ground out 1-3 (Groundball, 13S)
Batting: RHB Joe Scott 0-0: Swinging Strike
0-1: Called Strike
0-2: Ball
1-2: Ground out 4-3 (Groundball, 4)
Bottom of the 4th over - 0 run(s), 0 hit(s), 0 error(s), 0 left on base; Menlo 3 - Riverside 4
TOP OF THE 5TH
Menlo Maniacs batting - Pitching for Riverside Red Bulls : RHP Derrick Baird
Batting: RHB Alberto Hernández 0-0: Ball
1-0: Ball
2-0: Ball
3-0: Called Strike
3-1: SINGLE (Groundball, 34D)
Batting: LHB Vincente Sáenz 0-0: Called Strike
0-1: SINGLE (Groundball, 5L)
Alberto Hernández to second
Batting: RHB José Aguilera 0-0: Ball
1-0: Fielders Choice at 2nd, 5-4 (Groundball, 56)
Alberto Hernández to third
Batting: RHB Daryl Floyd 0-0: Ball
1-0: Called Strike
1-1: Ball
2-1: Ball
3-1: Fielders Choice at 2nd, 6-4 (Groundball, 56)
Alberto Hernández scores
Batting: LHB Nicholas Alston 0-0: Called Strike
0-1: Ball
1-1: Called Strike
1-2: Ball
Daryl Floyd steals 2nd base
2-2: Strikes out swinging
Top of the 5th over - 1 run(s), 2 hit(s), 0 error(s), 1 left on base; Menlo 4 - Riverside 4
BOTTOM OF THE 5TH
Riverside Red Bulls batting - Pitching for Menlo Maniacs : LHP Vic Watts
Batting: RHB José Zúńiga 0-0: Foul Ball, location: 2F
0-1: Ball
1-1: Swinging Strike
1-2: Ball
2-2: Ball
3-2: Foul Ball, location: 2F
3-2: Foul Ball, location: 2F
3-2: Ground out 4-3 (Groundball, 34)
Batting: SHB Sloan James 0-0: Ball
1-0: SINGLE (Line Drive, 9S)
Batting: RHB Chris Osborn 0-0: Ball
1-0: Swinging Strike
1-1: Ball
2-1: Ball
3-1: Called Strike
3-2: Foul Ball, location: 2F
3-2: Strikes out swinging
Pitching: RHP Jorge Luna
Batting: RHB Soshu Nakamura 0-0: Ball
1-0: Fly out, F9 (Flyball, 9LS)
Bottom of the 5th over - 0 run(s), 1 hit(s), 0 error(s), 1 left on base; Menlo 4 - Riverside 4
TOP OF THE 6TH
Menlo Maniacs batting - Pitching for Riverside Red Bulls : RHP Derrick Baird
Pitching: RHP Roberto Costello
Batting: RHB Jesús Cuevas 0-0: DOUBLE (Groundball, 3L)
Batting: RHB Philip Burke 0-0: SINGLE (Groundball, 4M)
Jesús Cuevas to third
Batting: LHB Glen Martin 0-0: Ground out 3-1 (Groundball, 34)
Jesús Cuevas scores
Philip Burke to second
Batting: SHB António Trinidad 0-0: Called Strike
0-1: Ball
1-1: SINGLE (Groundball, 3D)
Philip Burke to third
Batting: RHB Alberto Hernández 0-0: Called Strike
0-1: Ball
1-1: Ball
2-1: Ball
3-1: Fly out, F3 (Popup, 23)
Batting: LHB Vincente Sáenz 0-0: Ball
1-0: Fly out, F5 (Popup, 56S)
Top of the 6th over - 1 run(s), 3 hit(s), 0 error(s), 2 left on base; Menlo 5 - Riverside 4
BOTTOM OF THE 6TH
Riverside Red Bulls batting - Pitching for Menlo Maniacs : RHP Jorge Luna
Batting: RHB Júlio García 0-0: Ball
1-0: Ball
2-0: Called Strike
2-1: Ball
3-1: Foul Ball, location: 2F
3-2: Fly out, F7 (Flyball, 78M)
Batting: RHB Kyle Bacon 0-0: Called Strike
0-1: Ball
1-1: Ball
2-1: Fly out, F9 (Line Drive, 89M)
Batting: SHB Lee Townsend 0-0: Foul Ball, location: 2F
0-1: Ball
1-1: Foul Ball, location: 2F
1-2: Strikes out swinging
Bottom of the 6th over - 0 run(s), 0 hit(s), 0 error(s), 0 left on base; Menlo 5 - Riverside 4
TOP OF THE 7TH
Menlo Maniacs batting - Pitching for Riverside Red Bulls : RHP Roberto Costello
Batting: RHB José Aguilera 0-0: Ball
1-0: Foul Ball, location: 2F
1-1: Foul Ball, location: 2F
1-2: Ball
2-2: Foul Ball, location: 2F
2-2: Ball
3-2: Foul Ball, location: 2F
3-2: Strikes out looking
Batting: RHB Daryl Floyd 0-0: Ball
1-0: Ball
2-0: Called Strike
2-1: Swinging Strike
2-2: Strikes out looking
Batting: LHB Nicholas Alston 0-0: Ball
1-0: Ball
2-0: Foul Ball, location: 2F
2-1: DOUBLE (Flyball, 8LXD)
Pinch Hitting: RHB William Parker 0-0: Ball
1-0: Ball
2-0: Fly out, F8 (Flyball, 8LS)
Top of the 7th over - 0 run(s), 1 hit(s), 0 error(s), 1 left on base; Menlo 5 - Riverside 4
BOTTOM OF THE 7TH
Riverside Red Bulls batting - Pitching for Menlo Maniacs : RHP Jorge Luna
Now at SS: Carlos Gonzáles
Batting: SHB Chun-yeong Kim 0-0: Ball
1-0: Ball
2-0: Ball
3-0: Called Strike
3-1: Foul Ball, location: 2F
3-2: Base on Balls
Pinch Hitting: LHB Paco Rivera 0-0: Ball
1-0: Ball
2-0: Ball
3-0: Base on Balls
Chun-yeong Kim to second
Batting: RHB José Zúńiga 0-0: Ball
1-0: Ball
2-0: SINGLE (Line Drive, 34)
Chun-yeong Kim to third
Paco Rivera to second
Batting: SHB Sloan James 0-0: Called Strike
0-1: Ball
1-1: Ball
2-1: Fly out, F8 (Line Drive, 8LXD)
Runner from 3rd tags up, SCORES, no throw
Paco Rivera to third
Batting: RHB Chris Osborn 0-0: Swinging Strike
0-1: Ball
1-1: Called Strike
1-2: Ball
2-2: Grounds into double play, 5-4-3 (Groundball, 56)
Bottom of the 7th over - 1 run(s), 1 hit(s), 0 error(s), 1 left on base; Menlo 5 - Riverside 5
TOP OF THE 8TH
Menlo Maniacs batting - Pitching for Riverside Red Bulls : RHP Roberto Costello
Pitching: RHP Wayne Barksdale
Now at 1B: Paco Rivera
Pinch Hitting: LHB Oliver Frías 0-0: Foul Ball, location: 2F
0-1: SINGLE (Line Drive, 3L)
Batting: LHB Glen Martin Pickoff Throw to First - Out!
0-0: Reached on error, E4 (Groundball, 34)
Batting: SHB António Trinidad 0-0: Called Strike
0-1: Ball
1-1: Ball
2-1: Ball
3-1: Called Strike
3-2: Strikes out swinging
Batting: RHB Alberto Hernández 0-0: Called Strike
0-1: Ball
1-1: Swinging Strike
1-2: Foul Ball, location: 2F
1-2: Ball
2-2: Fly out, F9 (Flyball, 9M)
Top of the 8th over - 0 run(s), 1 hit(s), 1 error(s), 1 left on base; Menlo 5 - Riverside 5
BOTTOM OF THE 8TH
Riverside Red Bulls batting - Pitching for Menlo Maniacs : RHP Jorge Luna
Pitching: RHP António Lara
Now at 2B: Alfonso Montoya
Pinch Hitting: RHB Reginaldo Jaconelli 0-0: Called Strike
0-1: Fly out, F9 (Flyball, 9S)
Batting: RHB Júlio García 0-0: Ball
1-0: Called Strike
1-1: Called Strike
1-2: Foul Ball, location: 2F
1-2: Foul Ball, location: 2F
1-2: Ball
2-2: Fly out, F9 (Flyball, 89XD)
Batting: RHB Kyle Bacon 0-0: Fly out, F7 (Line Drive, 78S)
Bottom of the 8th over - 0 run(s), 0 hit(s), 0 error(s), 0 left on base; Menlo 5 - Riverside 5
TOP OF THE 9TH
Menlo Maniacs batting - Pitching for Riverside Red Bulls : RHP Wayne Barksdale
Pitching: LHP Raúl Juárez
Now at 2B: Andy Aiton
Pinch Hitting: RHB Tom Meyer 0-0: Ball
1-0: Ground out 6-3 (Groundball, 6)
Batting: RHB José Aguilera 0-0: Ball
1-0: Called Strike
1-1: DOUBLE (Line Drive, 89D)
Batting: RHB Daryl Floyd 0-0: Intentional Walk
Batting: LHB Nicholas Alston 0-0: Called Strike
0-1: Ball
1-1: Ball
Passed Ball!
José Aguilera to third
Daryl Floyd to second
2-1: SINGLE (Groundball, 4)
José Aguilera scores
Daryl Floyd to third
Runner from 3rd tries for Home, SAFE, no throw or cutoff
Batting: RHB Carlos Gonzáles 0-0: Called Strike
0-1: Foul Ball, location: 2F
0-2: SINGLE (Groundball, 6M)
Nicholas Alston to second
Throwing error, E8
Nicholas Alston scores
Carlos Gonzáles to second
Batting: LHB Alfonso Montoya 0-0: Ball
1-0: SINGLE (Groundball, 4MD)
Carlos Gonzáles to third
Runner from 3rd tries for Home, SAFE, no throw or cutoff
Pitching: RHP Alberto Gutiérrez
Batting: LHB Glen Martin 0-0: Swinging Strike
0-1: Called Strike
0-2: Ball
1-2: Foul Ball, location: 2F
1-2: Foul Ball, location: 2F
1-2: Strikes out swinging
Batting: SHB António Trinidad 0-0: Called Strike
0-1: Ball
1-1: Ball
2-1: Ball
3-1: Fly out, F9 (Flyball, 89M)
Top of the 9th over - 4 run(s), 4 hit(s), 1 error(s), 1 left on base; Menlo 9 - Riverside 5
BOTTOM OF THE 9TH
Riverside Red Bulls batting - Pitching for Menlo Maniacs : RHP António Lara
Now at 2B: Tom Meyer
Batting: SHB Lee Townsend 0-0: Called Strike
0-1: Ball
1-1: Swinging Strike
1-2: Strikes out swinging
Batting: SHB Chun-yeong Kim 0-0: Called Strike
0-1: Ball
1-1: SINGLE (Flyball, 6MD)
Batting: LHB Paco Rivera 0-0: Ball
1-0: Ball
2-0: Foul Ball, location: 2F
2-1: Ball
3-1: Foul Ball, location: 2F
3-2: Fly out, F7 (Flyball, 7D)
Batting: RHB José Zúńiga 0-0: Called Strike
0-1: Ball
1-1: Swinging Strike
1-2: Ball
2-2: Fly out, F6 (Popup, 6)
Bottom of the 9th over - 0 run(s), 1 hit(s), 0 error(s), 1 left on base; Menlo 9 - Riverside 5
This league is powered by Out of the Park Baseball, the baseball management simulation game for PC, Mac and Linux
Wednesday, December 2nd, 2015 - OOTP Baseball 16.8 Build 38